 Dungeon Crawl Stone Soup version 0.22-a0-605-g9281fa2407 (webtiles) character file.

383368 Lentor the Shatterer (level 21, 0/226 (229) HPs)
             Began as a Minotaur Berserker on July 8, 2018.
             Was the Champion of Trog.
             Killed from afar by Mara (illusionary) (12 damage)
             ... with a bolt of fire
             ... on level 1 of the Depths.
             The game lasted 01:55:14 (41570 turns).

Lentor the Shatterer (Minotaur Berserker)          Turns: 41570, Time: 01:55:16

HP:   0/226 (229)   AC: 35    Str: 27    XL:     21   Next: 94%
MP:   20/20         EV: 18    Int:  8    God:    Trog [******]
Gold: 2064          SH: 16    Dex: 18    Spells: 20/20 levels left

rFire    + + .     SeeInvis .   y - +8 demon whip (vamp)
rCold    + . .     Gourm    .   F - +3 buckler {rC+ rF+}
rNeg     + + .     Faith    .   Q - +6 plate armour of the Moon Troll {+Fly rC+ rN+ Int+4}
rPois    .         Spirit   .   E - +2 hat {MR+}
rElec    +         Reflect  +   B - +1 cloak of the Lotus Blossom {rElec}
rCorr    .         Harm     .   A - +0 pair of gloves
MR       ++...                  w - +2 pair of boots
Stlth    ..........             D - +3 amulet of reflection
HPRegen  0.87/turn              L - ring "Dutzeih" {Fire +Inv rN+ Str+3 Stlth+}
MPRegen  0.17/turn              u - ring of Yrphelink {EV+2 Slay+2}

@: lethally poisoned (0 -> 0)
A: retaliatory headbutt, horns 2, regeneration 1, robust 1, no potion heal 1
}: 2/15 runes: serpentine, barnacled
a: Berserk, Trog's Hand, Brothers in Arms, Renounce Religion, Evoke
Invisibility, Evoke Flight


You were on level 1 of the Depths.
You worshipped Trog.
Trog was exalted by your worship.
You were very hungry.

You visited 7 branches of the dungeon, and saw 35 of its levels.
You visited the Abyss 1 time.
You also visited: Ossuary, Volcano and Desolation.

You collected 4162 gold pieces.
You spent 2098 gold pieces at shops.

Inventory:

Hand Weapons
 j - the +6 great mace of Harmony {venom, Str+3 Int-3}
   (Trog gifted it to you on level 1 of the Vaults)

   It poisons the flesh of those it strikes.
   It affects your strength (+3).
   It affects your intelligence (-3).
 y - a +8 vampiric demon whip (weapon)
Armour
 w - a +2 pair of boots (worn)
 A - a +0 pair of gloves (worn)
 B - the +1 cloak of the Lotus Blossom (worn) {rElec}
   (You found it on level 13 of the Dungeon)

   It insulates you from electricity.
 E - a +2 hat of magic resistance (worn)
 F - a +3 buckler of resistance (worn)
 Q - the +6 plate armour of the Moon Troll (worn) {+Fly rC+ rN+ Int+4}
   (You found it in the Desolation of Salt)

   It affects your intelligence (+4).
   It protects you from cold.
   It protects you from negative energy.
   It lets you fly.
Jewellery
 n - an uncursed ring of see invisible
 u - the ring of Yrphelink (right hand) {EV+2 Slay+2}
   (You bought it in a shop on level 2 of the Snake Pit)

   [ring of evasion]

   It affects your evasion (+2).
   It affects your accuracy and damage with ranged weapons and melee attacks
   (+2).
 D - a +3 amulet of reflection (around neck)
 L - the ring "Dutzeih" (left hand) {Fire +Inv rN+ Str+3 Stlth+}
   (You found it in the Desolation of Salt)

   [ring of fire]

   It enhances your fire magic.
   It affects your strength (+3).
   It protects you from fire.
   It makes you vulnerable to cold.
   It protects you from negative energy.
   It lets you turn invisible.
   It makes you more stealthy.
 N - the ring of Hepnont {rF+ AC+4 Str+7}
   (You bought it in a shop on level 2 of the Snake Pit)

   [ring of protection]

   It affects your AC (+4).
   It affects your strength (+7).
   It protects you from fire.
 Z - the ring "Imiuq" {+Fly rPois Str+3}
   (You bought it in a shop on level 2 of the Snake Pit)

   [ring of flight]

   It affects your strength (+3).
   It protects you from poison.
   It lets you fly.
Wands
 a - a wand of disintegration (18)
 m - a wand of clouds (16)
 o - a wand of acid (24)
 r - a wand of random effects (209)
 K - a wand of scattershot (11)
 M - a wand of paralysis (22)
 O - a wand of digging (41)
 S - a wand of enslavement (29)
 W - a wand of polymorph (25)
 Y - a wand of iceblast (31)
Scrolls
 h - 6 scrolls of fog
 k - 26 scrolls of teleportation
 s - 20 scrolls of remove curse
 v - 3 scrolls of identify
 x - a scroll of vulnerability {unknown}
 C - a scroll of holy word
 G - 8 scrolls of magic mapping
 P - 2 scrolls of blinking
 R - 6 scrolls of fear
Potions
 b - 18 potions of curing
 d - 4 potions of cancellation
 e - 7 potions of heal wounds
 f - 2 potions of berserk rage
 g - 6 potions of flight
 i - 2 potions of agility
 l - 7 potions of brilliance
 p - 5 potions of ambrosia
 q - 3 potions of magic
 t - 7 potions of might
 z - a potion of resistance
 H - 4 potions of haste
 U - a potion of invisibility
Miscellaneous
 I - a box of beasts
 T - 2 phantom mirrors
Comestibles
 c - 62 rations
 J - 5 chunks of flesh


   Skills:
 + Level 22.6 Fighting
 + Level 23.0 Maces & Flails
 + Level 19.5 Armour
 + Level 11.1 Dodging
 - Level 0.1 Stealth
 + Level 21.0 Shields


You had 20 spell levels left.
You didn't know any spells.
Your spell library was empty.

Dungeon Overview and Level Annotations

Branches:
Dungeon (15/15)            Temple (0/1) D:4            Lair (6/6) D:10
 Shoals (4/4) Lair:4        Snake (4/4) Lair:2        Slime (0/5) Lair:5
    Orc (2/2) D:10            Elf (0/3) Orc:2        Vaults (3/5) D:13
  Crypt (0/3) Vaults:3     Depths (1/5) D:15

Altars:
Ashenzari
Cheibriados
Dithmenos
Elyvilon
Fedhas
Kikubaaqudgha
Makhleb
Ru
Sif Muna
Trog
Uskayaw
Wu Jian
Xom
Yredelemnul
The Shining One
Beogh

Shops:
D:5 =   D:6 !   D:9 %   Orc:1 (   Orc:2 :[*[   Shoals:1 (   Snake:2 =}[
Snake:4 (((   Vaults:1 ([!*}

Annotations:
D:6 1 runed door
Depths:1 Mara


Innate Abilities, Weirdness & Mutations

You reflexively headbutt those who attack you in melee.
You have a pair of horns on your head.
Your natural rate of healing is unusually fast.
You are robust. (+10% HP)
Potions are less effective at restoring your health.


Message History

You hit Mara but do no damage.
Mara is severely wounded.
Mara hits you but does no damage.
You hit Mara but do no damage. Your headbutt misses Mara.
Mara is severely wounded.
You feel sick. Lentor's illusion barely misses you. You furiously retaliate!
You headbutt Lentor's illusion, but do no damage.
Unknown command.
You whack Mara! You headbutt Mara.
Mara is almost dead.
Mara blinks!
Mara misses you.
Mara hits you from afar with a demon trident of electrocution.
* * * LOW HITPOINT WARNING * * *
Your troll goes berserk!
You are feeling very hungry.
You feel sick. Lentor's illusion hits you!!
* * * LOW HITPOINT WARNING * * *
Mara gestures at you. The bolt of fire hits you! You resist.
You die...

#...####..............
#.....................
##..(.......#.........
#..........#.##......
#..........#.#.......
#..........#....P..P.
#....)R....##........
####.()(.........P......
#......@RR...... ....
#....§@#.T...... ....
#......#........ ....
#......#.....(.. ....
#......#........ ..P.
#......#....≈.. ....
###...#........ ....
#... ........ .... ....


You could see 3 Maras, Lentor's illusion and a friendly troll (berserk).

Vanquished Creatures
  An ancient lich (Vaults:3)
  Boris (Vaults:2)
  Xtahua (Vaults:3)
  Nikola (Snake:2)
  A lich (Abyss:1)
  A tentacled monstrosity (Vaults:3)
  Rupert (D:14)
  The ghost of MirrMurr the Warrior, an adept DsGl of Okawaru (Shoals:4)
  Polyphemus (Shoals:4)
  Frances (Shoals:2)
  A kraken (Shoals:2)
  Agnes (D:14)
  A tentacled starspawn (Abyss:1)
  Gastronok (D:9)
  A sphinx (Vaults:2)
  2 tengu reavers
  7 nagarajas (Snake:4)
  The ghost of afd the Eclecticist, an adept DEWz of Vehumet (Snake:1)
  A fire giant (Vaults:2)
  Louise (Snake:1)
  13 vault wardens
  A deep elf sorcerer (Vaults:2)
  Aizul (Snake:2)
  3 frost giants
  13 ironheart preservers
  A war gargoyle (Vaults:2)
  2 very ugly things
  6 stone giants
  Azrael (Snake:2)
  2 deep elf demonologists (Vaults:3)
  3 halazid warlocks (Desolation)
  4 deep elf annihilators
  5 ettins
  2 merfolk javelineers (Shoals:4)
  3 crystal guardians (Desolation)
  A fire dragon (Vaults:1)
  2 ogre magi (Vaults:3)
  A deep elf death mage (Vaults:3)
  The ghost of Pihasey the Slicer, a journeyman VSBe of Trog (Lair:3)
  5 yaktaur captains
  10 merfolk impalers
  2 great orbs of eyes
  7 vault guards
  9 peacekeepers (Desolation)
  12 servants of whispers (Desolation)
  3 hydras
  5 ragged hierophants (Desolation)
  5 ice dragons
  3 rakshasas
  11 naga warriors
  13 anacondas
  2 merfolk avatars
  Erica (D:8)
  4 death knights
  An alligator snapping turtle (Shoals:4)
  18 two-headed ogres
  6 centaur warriors
  8 death yaks
  4 merfolk aquamancers
  A deep troll shaman (Vaults:2)
  A vampire mage (Depths:1)
  A satyr (Shoals:4)
  2 dancing weapons
  3 orc high priests (Orc:2)
  9 naga sharpshooters
  18 shock serpents
  6 deep elf knights
  Sonja (D:14)
  A spatial maelstrom (Abyss:1)
  5 skeletal warriors
  4 sea snakes
  3 shadow wraiths
  8 salamander mystics
  2 deep elf archers
  10 deep trolls
  A death drake (shapeshifter) (Vaults:3)
  3 unseen horrors
  A kraken simulacrum (Shoals:4)
  13 ironbrand convokers
  A glowing orange brain (Vaults:1)
  9 naga ritualists
  A flayed ghost (Vaults:3)
  11 harpies
  5 lindwurms
  A harpy (shapeshifter) (Depths:1)
  11 wizards
  2 wolf spiders (Vaults:1)
  Pikel (D:4)
  A necromancer (D:13)
  12 orc knights
  17 ugly things
  4 orc sorcerers (Orc:2)
  11 mana vipers
  8 cyclopes
  An oklob plant (Lair:5)
  3 fauns (Shoals:3)
  18 deep elf magi
  9 manticores
  A worldbinder (Abyss:1)
  8 salamanders
  Psyche (D:9)
  5 merfolk sirens
  19 naga magi
  A guardian serpent (shapeshifter) (Vaults:3)
  An elephant (Lair:5)
  12 vault sentinels
  3 water nymphs
  3 molten gargoyles (Desolation)
  5 torpor snails (Lair:6)
  37 black mambas
  14 spiny frogs
  Joseph (D:8)
  7 guardian serpents
  6 gargoyles
  The ghost of kaisn the Magician, a novice GnWz of Vehumet (D:5)
  4 freezing wraiths
  A kobold demonologist (D:14)
  6 komodo dragons
  3 rime drakes
  22 yaktaurs
  A tengu conjurer (D:15)
  A polar bear (Lair:6)
  4 trolls
  A harpy skeleton (Volcano)
  8 wind drakes
  28 merfolk
  10 hornets
  Grinder (D:6)
  Prince Ribbit (D:5)
  A raiju (Abyss:1)
  4 tyrant leeches (Lair:6)
  23 slime creatures
  6 blink frogs
  16 snapping turtles
  56 saltlings (Desolation)
  17 hippogriffs
  3 flying skulls (Volcano)
  Sigmund (D:6)
  3 alligator skeletons (Volcano)
  A spriggan (D:7)
  9 water elementals
  6 wraiths
  An orc simulacrum (Vaults:1)
  A spriggan (shapeshifter) (Vaults:3)
  A shadow (D:13)
  A ynoxinul (Abyss:1)
  3 large abominations (Abyss:1)
  3 vampires
  A redback (Lair:6)
  36 yaks
  12 wyverns
  3 hogs (D:15)
  5 basilisks
  4 vampire mosquitoes
  Grum (D:8)
  3 hungry ghosts
  4 fire elementals (Snake:2)
  A steam dragon (D:8)
  A spatial vortex (Abyss:1)
  4 soldier ants (D:6)
  39 nagas
  4 wargs
  50 water moccasins
  An acid dragon (Vaults:2)
  2 small abominations (Abyss:1)
  10 porcupines
  3 hell hounds (Snake:2)
  An eye of draining (Abyss:1)
  3 ice beasts
  6 sky beasts
  A phantom (D:13)
  30 orc warriors
  A slave (D:4)
  A necrophage (D:9)
  A black bear (D:12)
  A tengu (shapeshifter) (Vaults:2)
  5 boggarts (Vaults:3)
  17 ogres
  5 crocodiles
  12 wolves
  6 centaurs
  A big kobold (D:13)
  25 bullfrogs
  3 scorpions
  2 spriggan skeletons (Volcano)
  14 killer bees
  3 electric eels
  19 wights
  A troll skeleton (Volcano)
  5 howler monkeys
  12 crimson imps
  2 bullfrog zombies
  7 hounds
  6 jellies
  25 orc priests
  3 centaur skeletons
  A quasit (D:8)
  Crazy Yiuf (D:6)
  2 centaur zombies
  26 orc wizards
  A bullfrog skeleton (D:13)
  4 iguanas
  12 worker ants
  2 big kobold zombies (Ossuary)
  4 naga skeletons (Volcano)
  A hound zombie (D:7)
  A hound skeleton (D:7)
  2 mummies (Ossuary)
  2 worker ant zombies (D:11)
  14 gnolls
  35 adders
  A howler monkey skeleton (D:4)
  8 shadow imps
  4 oozes
  2 adder zombies (Ossuary)
  4 worms
  2 dart slugs
  8 leopard geckos
  91 orcs
  7 bats
  6 giant cockroaches
  A gnoll zombie (Ossuary)
  7 hobgoblins
  15 jackals
  9 kobolds
  4 quokkas
  2 ball pythons
  3 frilled lizards
  8 goblins
  3 hobgoblin zombies (Ossuary)
  3 kobold zombies (Ossuary)
  A leopard gecko skeleton (D:4)
  A leopard gecko zombie (D:5)
  9 orc zombies (Ossuary)
  A quokka skeleton (D:6)
  A quokka zombie (D:6)
  6 rats
  10 plants
  3 tentacles (Shoals:2)
1542 creatures vanquished.

Vanquished Creatures (collateral kills)
  Jorgrun (Shoals:4)
  Kirke (D:15)
  A deep elf demonologist (Vaults:3)
  A merfolk javelineer (Shoals:4)
  An ogre mage (Vaults:1)
  2 yaktaur captains
  2 naga warriors
  A merfolk aquamancer (Shoals:4)
  An alligator snapping turtle (Shoals:4)
  2 anacondas (Snake:4)
  A catoblepas (Shoals:4)
  3 two-headed ogres (Vaults:1)
  4 naga sharpshooters
  2 shock serpents
  A sea snake (Shoals:4)
  The ghost of psixmax the Archer, a novice CeHu (D:6)
  3 oklob plants (Lair:5)
  2 ugly things (Vaults:3)
  A wolf spider (Lair:6)
  2 guardian serpents
  A black mamba (Snake:1)
  A merfolk siren (Shoals:4)
  A water nymph (Shoals:4)
  A naga mage (Snake:4)
  A spiny frog (Lair:6)
  7 merfolk
  2 snapping turtles (Shoals:4)
  2 wind drakes (Shoals:4)
  A basilisk (shapeshifter) (Vaults:1)
  A warg (Vaults:1)
  A naga (Snake:1)
  An acid dragon (Vaults:1)
  3 orc warriors
  An orc priest (D:6)
  7 orcs
64 creatures vanquished.

Vanquished Creatures (others)
  Bai Suzhen (Shoals:4)
  Vashnia (Snake:3)
  An ironheart preserver (Vaults:3)
  A naga sharpshooter (Snake:4)
  A naga ritualist (Snake:4)
  A deep elf archer (Vaults:3)
  A wolf spider (Vaults:2)
  A cyclops (Vaults:2)
  5 yaktaurs
  A centaur (D:15)
  3 orcs
  3 fungi
  2 pillars of salt (Vaults:3)
  11 plants
  2 starspawn tentacles (Abyss:1)
  13 tentacles
48 creatures vanquished.

Grand Total: 1654 creatures vanquished

Notes
Turn   | Place    | Note
-------+----------+-------------------------------------------
     0 | D:1      | Lentor the Minotaur Berserker began the quest for the Orb.
     0 | D:1      | Reached XP level 1. HP: 19/19 MP: 0/0
   304 | D:1      | Reached XP level 2. HP: 19/27 MP: 1/1
   310 | D:1      | Reached skill level 4 in Maces & Flails
   884 | D:1      | Reached XP level 3. HP: 33/33 MP: 2/2
  1237 | D:2      | Reached ** piety under Trog
  1721 | D:2      | Reached XP level 4. HP: 40/40 MP: 3/3
  1840 | D:2      | Reached skill level 5 in Maces & Flails
  2098 | D:3      | Found an ancient bone altar of Kikubaaqudgha.
  2230 | D:3      | Reached XP level 5. HP: 47/47 MP: 4/4
  2979 | D:4      | Reached skill level 6 in Maces & Flails
  3008 | D:4      | Noticed Pikel
  3008 | D:4      | Noticed a slave
  3008 | D:4      | Noticed a slave
  3008 | D:4      | Noticed a slave
  3008 | D:4      | Noticed a slave
  3013 | D:4      | Killed a slave
  3017 | D:4      | Killed Pikel
  3017 | D:4      | Reached skill level 5 in Fighting
  3017 | D:4      | Reached skill level 7 in Maces & Flails
  3017 | D:4      | Reached XP level 6. HP: 42/56 MP: 5/5
  3017 | D:4      | Reached XP level 7. HP: 46/61 MP: 6/6
  3132 | D:4      | Reached *** piety under Trog
  3132 | D:4      | Reached skill level 8 in Maces & Flails
  3133 | D:4      | Found a white marble altar of Elyvilon.
  3147 | D:4      | Found a staircase to the Ecumenical Temple.
  3180 | D:4      | Found a sand-covered staircase.
  3188 | Ossuary  | Entered an ossuary
  3758 | D:4      | Found an ornate altar of the Wu Jian Council.
  3927 | D:4      | Reached XP level 8. HP: 68/70 MP: 7/7
  3955 | D:4      | Reached **** piety under Trog
  3957 | D:4      | Found a shadowy altar of Dithmenos.
  3962 | D:4      | Found a blossoming altar of Fedhas.
  3964 | D:4      | Found a sacrificial altar of Ru.
  4130 | D:5      | Entered Level 5 of the Dungeon
  4135 | D:5      | Reached skill level 9 in Maces & Flails
  4135 | D:5      | Reached skill level 5 in Armour
  4162 | D:5      | Found a glowing golden altar of the Shining One.
  4434 | D:5      | Found a large runed door.
  4435 | D:5      | Found a large runed door.
  4435 | D:5      | Noticed kaisn's ghost (novice GnWz)
  4452 | D:5      | Killed kaisn's ghost
  4452 | D:5      | Reached skill level 5 in Dodging
  4577 | D:5      | Found Jumug's Jewellery Emporium.
  4585 | D:5      | Bought a +3 amulet of reflection for 172 gold pieces
  4684 | D:5      | Found a deep blue altar of Sif Muna.
  4959 | D:5      | Noticed Prince Ribbit
  4976 | D:5      | Killed Prince Ribbit
  4976 | D:5      | Reached skill level 10 in Maces & Flails
  5023 | D:5      | Found a shimmering altar of Xom.
  5920 | D:5      | Reached XP level 9. HP: 72/79 MP: 8/8
  5921 | D:5      | Identified Sif Muna's Tome of Black Secrets
  6020 | D:6      | Received a gift from Trog
  6117 | D:6      | Noticed Sigmund
  6124 | D:6      | Killed Sigmund
  6135 | D:6      | Found a runed door.
  6135 | D:6      | Found a runed gate.
  6140 | D:6      | Found a runed door.
  6142 | D:6      | Found the +9 staff of Olgreb {rPois}
  6160 | D:6      | Found a runed gate.
  6176 | D:6      | Found a runed gate.
  6270 | D:6      | Noticed Grinder
  6271 | D:6      | Found a runed gate.
  6271 | D:6      | Found a runed gate.
  6271 | D:6      | Found a runed gate.
  6272 | D:6      | Paralysed by Grinder for 3 turns
  6288 | D:6      | Killed Grinder
  6288 | D:6      | Reached skill level 11 in Maces & Flails
  6333 | D:6      | Found a runed door.
  6353 | D:6      | Found Ihicuus's Distillery.
  6620 | D:6      | Noticed psixmax's ghost (novice CeHu)
  6628 | D:6      | Found a roughly hewn altar of Beogh.
  6706 | D:6      | Noticed Crazy Yiuf
  6709 | D:6      | Killed Crazy Yiuf
  6823 | D:6      | Reached XP level 10. HP: 32/88 MP: 9/9
  6839 | D:6      | Reached skill level 12 in Maces & Flails
  7642 | D:6      | Killed psixmax's ghost
  7684 | D:6      | Got a brightly glowing chain mail
  7695 | D:6      | Identified the +0 chain mail of Leaves {rElec} (You took it off an orc warrior on level 6 of the Dungeon)
  7868 | D:7      | Found a shattered altar of Ashenzari.
  8432 | D:8      | Noticed Erica
  8449 | D:8      | Killed Erica
  8624 | D:8      | Reached ***** piety under Trog
  8866 | D:8      | Reached skill level 13 in Maces & Flails
  8872 | D:8      | Reached skill level 10 in Armour
  8873 | D:8      | Noticed a centaur warrior
  8885 | D:8      | Killed a centaur warrior
  8885 | D:8      | Reached XP level 11. HP: 89/99 MP: 10/10
  8894 | D:8      | Noticed a centaur warrior
  8899 | D:8      | Killed a centaur warrior
  8908 | D:8      | Got an iridescent battleaxe {chop}
  8909 | D:8      | Identified the cursed +3 battleaxe of Arukh {chop, Int+3} (You took it off a centaur warrior on level 8 of the Dungeon)
  9041 | D:8      | Reached skill level 10 in Fighting
  9115 | D:8      | Noticed a two-headed ogre
  9122 | D:8      | Killed a two-headed ogre
  9133 | D:8      | Noticed Grum
  9148 | D:8      | Killed Grum
  9293 | D:8      | Noticed Joseph
  9307 | D:8      | Killed Joseph
  9506 | D:8      | Found a hide-covered altar of Uskayaw.
  9506 | D:8      | Found a snail-covered altar of Cheibriados.
  9532 | D:9      | Received a gift from Trog
  9777 | D:9      | Found a burning altar of Makhleb.
  9785 | D:9      | Noticed a two-headed ogre
  9792 | D:9      | Killed a two-headed ogre
  9792 | D:9      | Reached skill level 14 in Maces & Flails
  9795 | D:9      | Got a faintly glowing whip
  9796 | D:9      | Identified the +3 whip of Drought {speed, rC+ Dex+2} (You found it on level 9 of the Dungeon)
  9857 | D:9      | Noticed Psyche
  9873 | D:9      | Killed Psyche
  9975 | D:9      | Found Ruchi's Food Boutique.
 10000 | D:9      | Noticed Gastronok
 10030 | D:9      | Killed Gastronok
 10030 | D:9      | Reached XP level 12. HP: 54/110 MP: 11/11
 10524 | D:10     | Entered Level 10 of the Dungeon
 11075 | D:10     | Found a staircase to the Lair.
 11476 | D:10     | Found a staircase to the Orcish Mines.
 11486 | D:10     | Found a roughly hewn altar of Beogh.
 11713 | Lair:1   | Entered Level 1 of the Lair of Beasts
 12275 | Lair:1   | Reached skill level 15 in Maces & Flails
 13102 | Lair:2   | Noticed a six-headed hydra
 13113 | Lair:2   | Killed a six-headed hydra
 13585 | Lair:2   | Found a staircase to the Snake Pit.
 14572 | Lair:3   | Found a runed door.
 14578 | Lair:3   | Noticed Pihasey's ghost (journeyman VSBe)
 14591 | Lair:3   | Killed Pihasey's ghost
 14591 | Lair:3   | Reached XP level 13. HP: 122/122 MP: 12/12
 14682 | Lair:3   | Reached ****** piety under Trog
 14815 | Lair:3   | Reached skill level 1 in Shields
 14827 | Lair:3   | Received a gift from Trog
 15182 | Lair:3   | Identified 2 scrolls of acquirement
 16174 | Lair:4   | Found a staircase to the Shoals.
 17004 | D:6      | Bought a potion of mutation for 88 gold pieces
 17004 | D:6      | Bought a potion of mutation for 88 gold pieces
 17004 | D:6      | Gained mutation: You are clumsy. (Dex -2) [potion of mutation]
 17004 | D:6      | Gained mutation: You are dopey. (Int -2) [potion of mutation]
 17004 | D:6      | Gained mutation: You expend magic power (3 MP) to strengthen your wands. [potion of mutation]
 17005 | D:6      | Lost mutation: You are dopey. (Int -2) [potion of mutation]
 17005 | D:6      | Lost mutation: You are clumsy. (Dex -2) [potion of mutation]
 17005 | D:6      | Gained mutation: You have a pair of large horns on your head. [potion of mutation]
 17005 | D:6      | Gained mutation: Your natural rate of healing is unusually fast. [potion of mutation]
 17005 | D:6      | Gained mutation: Your mind is acute. (Int +2) [potion of mutation]
 17009 | D:6      | Lost mutation: You have a pair of large horns on your head. [potion of mutation]
 17009 | D:6      | Lost mutation: Your mind is acute. (Int +2) [potion of mutation]
 17009 | D:6      | Lost mutation: You expend magic power (3 MP) to strengthen your wands. [potion of mutation]
 17009 | D:6      | Gained mutation: Potions are less effective at restoring your health. [potion of mutation]
 17009 | D:6      | Gained mutation: You are robust. (+10% HP) [potion of mutation]
 17526 | Lair:5   | Reached skill level 16 in Maces & Flails
 17645 | Lair:5   | Found a staircase to the Slime Pits.
 17661 | Lair:5   | Reached skill level 5 in Shields
 18340 | Lair:6   | Entered Level 6 of the Lair of Beasts
 18480 | Lair:6   | Reached skill level 15 in Armour
 18630 | Lair:6   | Reached XP level 14. HP: 146/146 MP: 13/13
 18910 | Lair:6   | Received a gift from Trog
 19241 | Lair:6   | Found a runed door.
 19712 | Orc:1    | Entered Level 1 of the Orcish Mines
 19712 | Orc:1    | Found Xetoyrag's Weapon Boutique.
 20075 | Orc:2    | Entered Level 2 of the Orcish Mines
 20090 | Orc:2    | Reached skill level 15 in Fighting
 20282 | Orc:2    | Found a dark tunnel.
 20317 | Orc:2    | Found a staircase to the Elven Halls.
 20386 | Volcano  | Entered a volcano
 20449 | Volcano  | Received a gift from Trog
 20456 | Volcano  | Got a crude dire flail {god gift}
 20518 | Volcano  | Reached skill level 17 in Maces & Flails
 20814 | Orc:2    | Identified the +6 dire flail of Proximity {flame, rF+ MR++ Int-2} (Trog gifted it to you in a volcano)
 21161 | Orc:2    | Found Caquf's Armour Emporium.
 21161 | Orc:2    | Found Goagosut's General Store.
 21174 | Orc:2    | Found Ohifeax's Armour Emporium.
 21174 | Orc:2    | Found Loanun's Book Boutique.
 21476 | Orc:1    | Received a gift from Trog
 22414 | D:12     | Reached XP level 15. HP: 148/157 MP: 14/14
 22638 | D:12     | Found a shadowy altar of Dithmenos.
 23192 | D:13     | Reached skill level 10 in Dodging
 23192 | D:13     | Reached skill level 10 in Shields
 23192 | D:13     | Reached XP level 16. HP: 92/166 MP: 15/15
 23220 | D:13     | Received a gift from Trog
 23305 | D:13     | Found a bloodstained altar of Trog.
 23642 | D:13     | Found a gate to the Vaults.
 24173 | D:14     | Noticed Sonja
 24197 | D:14     | Noticed Rupert
 24217 | D:14     | Killed Rupert
 24220 | D:14     | Cast into level 1 of the Abyss (Sonja)
 24239 | Abyss:1  | Noticed a lich
 24253 | Abyss:1  | Killed a lich
 24253 | Abyss:1  | Reached skill level 18 in Maces & Flails
 24443 | Abyss:1  | Found a corrupted altar of Lugonu.
 24584 | Abyss:1  | Noticed a tentacled starspawn
 24593 | Abyss:1  | Killed a tentacled starspawn
 24632 | D:14     | Escaped the Abyss
 24646 | D:14     | Killed Sonja
 25087 | D:14     | Noticed Agnes
 25106 | D:14     | Killed Agnes
 25259 | D:15     | Entered Level 15 of the Dungeon
 25296 | D:15     | Found a staircase to the Depths.
 25663 | D:15     | Noticed Kirke
 25671 | D:15     | Killed Kirke
 26312 | D:13     | Got a shimmering cloak
 26361 | D:13     | Identified the +1 cloak of the Lotus Blossom {rElec} (You found it on level 13 of the Dungeon)
 26548 | Snake:1  | Entered Level 1 of the Snake Pit
 26566 | Lair:2   | Received a gift from Trog
 26995 | Snake:1  | Noticed afd's ghost (adept DEWz)
 26996 | Snake:1  | Found a transporter.
 27080 | Snake:1  | Reached XP level 17. HP: 177/177 MP: 5/16
 27098 | Snake:1  | Found the +10 Black Knight's horse barding {ponderous, rPois rN+}
 27254 | Snake:1  | Found a transporter.
 27254 | Snake:1  | Noticed Louise
 27274 | Snake:1  | Killed Louise
 27328 | Snake:1  | Noticed Aizul
 27666 | Snake:1  | Killed afd's ghost
 27688 | Snake:1  | Got a scorched bardiche
 28061 | Snake:2  | Killed Aizul
 28172 | Snake:2  | Noticed Azrael
 28187 | Snake:2  | Killed Azrael
 28235 | Snake:2  | Received a gift from Trog
 28266 | Snake:2  | Found Hoebb's Antique Armour Shop.
 28266 | Snake:2  | Found Qepsies's Assorted Antiques.
 28267 | Snake:2  | Found Fecuefy's Jewellery Boutique.
 28271 | Snake:2  | Bought the ring of Hepnont {rF+ AC+4 Str+7} for 905 gold pieces
 28271 | Snake:2  | Bought the ring "Imiuq" {+Fly rPois Str+3} for 490 gold pieces
 28271 | Snake:2  | Bought the ring of Yrphelink {EV+2 Slay+2} for 355 gold pieces
 28271 | Snake:2  | Found Funyfera's Gadget Shop.
 28387 | Snake:2  | Noticed Nikola
 28416 | Snake:2  | Killed Nikola
 28416 | Snake:2  | Reached skill level 19 in Maces & Flails
 29369 | Snake:3  | Noticed Vashnia
 29394 | Snake:3  | Killed Vashnia
 29704 | Snake:3  | Received a gift from Trog
 29944 | Snake:4  | Entered Level 4 of the Snake Pit
 30092 | Snake:4  | Found Kirchekep's Antique Weapon Boutique.
 30096 | Snake:4  | Found Cepsagh's Antique Weapon Shop.
 30097 | Snake:4  | Found Jiruk's Weapon Boutique.
 30485 | Snake:4  | Reached XP level 18. HP: 117/190 MP: 17/17
 30732 | Snake:4  | Received a gift from Trog
 30799 | Snake:4  | Reached skill level 15 in Shields
 30993 | Snake:4  | Got a serpentine rune of Zot
 31432 | Shoals:1 | Entered Level 1 of the Shoals
 31452 | Shoals:1 | Found Afour's Antique Weapon Boutique.
 31463 | Shoals:1 | Received a gift from Trog
 31463 | Shoals:1 | Reached skill level 20 in Maces & Flails
 32336 | Shoals:2 | Noticed Frances
 32350 | Shoals:2 | Killed Frances
 33498 | Shoals:4 | Entered Level 4 of the Shoals
 33662 | Shoals:4 | Noticed Polyphemus
 33694 | Shoals:4 | Killed Polyphemus
 33694 | Shoals:4 | Reached XP level 19. HP: 139/202 MP: 18/18
 33759 | Shoals:4 | Received a gift from Trog
 33836 | Shoals:4 | Got a barnacled rune of Zot
 33870 | Shoals:4 | Noticed Bai Suzhen
 33897 | Shoals:4 | Killed Bai Suzhen
 34083 | Shoals:4 | Noticed Jorgrun
 34095 | Shoals:4 | Killed Jorgrun
 34396 | Shoals:4 | Received a gift from Trog
 34463 | Shoals:4 | Found a runed door.
 34463 | Shoals:4 | Found a shimmering altar of Xom.
 34463 | Shoals:4 | Noticed MirrMurr's ghost (adept DsGl)
 34506 | Shoals:4 | Killed MirrMurr's ghost
 35124 | Vaults:1 | Entered Level 1 of the Vaults
 35129 | Vaults:1 | Found Gaffa's Armour Boutique.
 35137 | Vaults:1 | Found Gujiedo's Distillery.
 35280 | Vaults:1 | Paralysed by an ogre mage for 7 turns
 35411 | Vaults:1 | Found Naymakh's General Store.
 35797 | Vaults:1 | Received a gift from Trog
 35802 | Vaults:1 | Got a fine great mace {god gift}
 35805 | Vaults:1 | Identified the +6 great mace of Harmony {venom, Str+3 Int-3} (Trog gifted it to you on level 1 of the Vaults)
 36001 | Vaults:1 | Found Zyagg's Weapon Shoppe.
 36192 | Vaults:1 | Found Feajaam's Gadget Shoppe.
 36433 | Vaults:2 | Reached skill level 21 in Maces & Flails
 36708 | Vaults:2 | Received a gift from Trog
 36733 | Vaults:2 | Reached XP level 20. HP: 214/214 MP: 19/19
 36819 | Vaults:2 | Noticed Boris
 36834 | Vaults:2 | Killed Boris
 37341 | Vaults:2 | Found the +9 heavy crossbow "Sniper" {velocity, Acc+∞ SInv}
 37449 | Vaults:2 | Received a gift from Trog
 37831 | Vaults:3 | Found a staircase to the Crypt.
 37831 | Vaults:3 | Found an ancient bone altar of Kikubaaqudgha.
 37832 | Vaults:3 | Found a basalt altar of Yredelemnul.
 38183 | Vaults:3 | Found a ruined gateway.
 38306 | Desolati | Entered the Desolation of Salt
 38550 | Desolati | Received a gift from Trog
 38638 | Desolati | Identified Dewurig's Compendium of Conjuration and Cold
 38642 | Desolati | Got a dazzling plate armour
 38683 | Desolati | Got a bound golden ring
 38801 | Desolati | Identified the +6 plate armour of the Moon Troll {+Fly rC+ rN+ Int+4} (You found it in the Desolation of Salt)
 38804 | Desolati | Identified the ring "Dutzeih" {Fire +Inv rN+ Str+3 Stlth+} (You found it in the Desolation of Salt)
 38816 | Desolati | Got an ancient bronze ring
 38817 | Desolati | Identified the ring "Ofockaiwk" {rElec rF+ Str-4 Int+7 Stlth+} (You found it in the Desolation of Salt)
 38905 | Desolati | Reached skill level 22 in Maces & Flails
 38927 | Desolati | Got a flickering platinum ring
 38929 | Desolati | Identified the Compendium of Boosting Venom
 39298 | Vaults:3 | Reached XP level 21. HP: 217/226 MP: 20/20
 40120 | Vaults:3 | Received a gift from Trog
 40258 | Vaults:3 | Noticed Xtahua
 40272 | Vaults:3 | Killed Xtahua
 40619 | Vaults:3 | Noticed an ancient lich
 40641 | Vaults:3 | Killed an ancient lich
 40723 | Vaults:3 | Got a pitted tin ring
 40726 | Vaults:3 | Identified the ring "Ziek" {+Fly rC+} (You found it in the Desolation of Salt)
 40727 | Vaults:3 | Identified the ring of Xom's Ringing Laughter {MR+ Str+5} (You found it on level 3 of the Vaults)
 40894 | Vaults:3 | Received a gift from Trog
 41256 | Depths:1 | Entered Level 1 of the Depths
 41311 | Depths:1 | Reached skill level 23 in Maces & Flails
 41539 | Depths:1 | Noticed Mara
 41542 | Depths:1 | Noticed Lentor's illusion
 41570 | Depths:1 | Killed from afar by Mara (illusionary)

Vault maps used:
D:1:      denvon_arrival_planthouse
D:3:      lemuel_coloured_pillars_altar
D:4:      nicolae_overflow_crystal_walls, kennysheep_little_box, minitemple,
          minmay_temple_entry_junction_2, lightli_ossuary_entry_decrepit_ruins,
          uniq_pikel
D:5:      led_sif_book, lemuel_doored_altar, marbit_many_paths,
          ebering_ghost_disaster_area, first_ration, serial_shops, shop,
          small_statue_intersection, uniq_prince_ribbit1
D:6:      serial_shops, shop, biasface_ghost_orc_armoury, grunt_decor_cap,
          minmay_guarded_unrand_staff_of_olgreb, uniq_sigmund,
          uniq_crazy_yiuf_cottage, uniq_grinder
D:7:      evilmike_ruin_ashenzari, the_bakery
D:8:      minmay_the_grid_four_pointed_star, gammafunk_temple_overflow_elements,
          uniq_grum, uniq_joseph, uniq_erica
D:9:      bloody_makhleb, serial_shops, nicolae_shop_window_shopping,
          uniq_gastronok, uniq_psyche
D:10:     lair_entry_dummy, david_orc_5
D:12:     minivault_26, grunt_dithmenos_smoke
D:13:     kennysheep_ambush_hall, david_vaults_4, basic_altar,
          minmay_misc_feat_doors, st_stairs_2
D:14:     bh_walls_and_bars, uniq_agnes, uniq_rupert, uniq_sonja
D:15:     grunt_enter_depths_snipers, uniq_kirke
Lair:1:   lemuel_reptile_caves, grunt_megastairs_3
Lair:2:   minmay_snake_entry_six_corridors, disabler_island, lemuel_fruit_tree
Lair:3:   ebering_ghost_reflecting_pool
Lair:4:   minmay_shoals_entry_beasts, grunt_megastairs_2, wad_woods_river_01
Lair:5:   minmay_slime_entry_oklob_enclosed, st_stairs_10, beast_lair_carwin_1,
          grunt_megastairs_5, minmay_lair_oklob_chamber, serial_bayou_shore_a
Lair:6:   wormcave, hangedman_lair_tendril_chambers, columned_hall_lemuel
Shoals:1: serial_shops, nicolae_shop_waterfront
Shoals:2: uniq_frances
Shoals:3: nicolae_shoals_dead_sea_scrolls
Shoals:4: shoals_end_grunt_ice, ebering_ghost_xom, uniq_jorgrun,
          uniq_polyphemus, uniq_bai_suzhen
Snake:1:  gammafunk_ghost_arena, st_stairs_12, uniq_louise, uniq_aizul
Snake:2:  minmay_shoptagon, uniq_azrael, uniq_nikola
Snake:3:  grunt_ministairs_8, uniq_vashnia
Snake:4:  snake_pit_salamanders_mu, minmay_shop_star
Orc:1:    serial_shops, shop_fountains
Orc:2:    grunt_orc_tribal_feast, nicolae_volcano_entry_two_sided
Vaults:1: vaults_room_grunt_arrival_ludios, hangedman_vaults_impose, v_misc_4,
          ontoclasm_vaults_decontamination, ontoclasm_vaults_gateway,
          hangedman_vaults_variations, vaults_room_grid, v_alt_pattern_6,
          vaults_dpeg_spiral, hangedman_vaults_stagger, v_alt_pattern_6,
          nicolae_vaults_little_squares_1, nicolae_vaults_ring_of_whatevers,
          vaults_room_pool, vaults_room_hallway, serial_shops, shop,
          nicolae_shop_crystal, shop, nicolae_shop_waterfront,
          nicolae_shop_temple_entry_statues_fountains
Vaults:2: vaults_room_door_ring, v_alt_pattern_2, v_misc_25,
          vaults_room_stairs_pillars, minmay_guarded_unrand_secular_launcher,
          nicolae_vaults_angled_halls, v_misc_26, v_pattern_3,
          nicolae_vaults_theta, uniq_boris
Vaults:3: vaults_room_ringed_pool, v_misc_30, minmay_crypt_entry_necro_gods,
          st_quartered_hall, v_misc_19, nicolae_vaults_shelves_hall,
          v_alt_pattern_5, grunt_vaults_twisty,
          nicolae_vaults_ring_of_whatevers, hangedman_vaults_nails,
          hangedman_vaults_corner, nicolae_vaults_mini_display_case,
          ontoclasm_vaults_idyll, ontoclasm_vaults_shuriken,
          vaults_room_octagon, ontoclasm_vaults_ligature,
          portal_desolation_entry_garden, uniq_xtahua
Depths:1: constructs_gauntlet_mu_hangedman, hell_entry, minmay_misc_feat_plants,
          hangedman_research_electronics, uniq_mara
Ossuary:  ossuary_tomb_2
Volcano:  volcano_tomb

Skill      XL: |  1  2  3  4  5  6  7  8  9 10 11 12 13 14 15 16 17 18 19 20 21 |
---------------+----------------------------------------------------------------+-----
Maces & Flails | 4 5 7 8 10 11 13 14 15 16 17 18 19 20 21 22 23 | 23.0
Fighting       | 4 5 7 8 9 11 13 14 15 16 17 18 19 20 21 22 | 22.6
Dodging        | 3 4 5 6 7 8 9 10 11 | 11.1
Armour         | 4 6 8 10 11 13 15 16 17 18 19 | 19.5
Shields        | 6 8 10 12 14 16 18 19 21 | 21.0
Stealth        | |  0.1

Action                   |  1- 3 |  4- 6 |  7- 9 | 10-12 | 13-15 | 16-18 | 19-21 || total
-------------------------+-------+-------+-------+-------+-------+-------+-------++-------
Melee: Mace              |    33 |       |       |       |       |       |       ||    33
       Headbutt          |     6 |    15 |    58 |   271 |   366 |   572 |   679 ||  1967
       Whip              |    46 |    75 |   271 |   944 |    80 |       |       ||  1416
       Great mace        |       |       |       |    13 |       |       |       ||    13
       Demon whip        |       |       |       |       |  1159 |  1727 |  1910 ||  4796
Invok: Berserk           |       |     2 |     1 |     2 |     4 |     3 |     4 ||    16
       Brothers in Arms  |       |       |       |     2 |     3 |     8 |     9 ||    22
  Use: Scroll            |       |    10 |     3 |     6 |    17 |     7 |    18 ||    61
       Potion            |       |     2 |     1 |       |     5 |       |     1 ||     9
 Stab: Sleeping          |     2 |       |       |       |       |       |       ||     2
       Petrified         |       |       |       |       |       |     5 |       ||     5
       Distracted        |       |       |       |       |       |     1 |       ||     1
  Eat: Chunk             |     1 |     7 |     8 |    17 |    24 |    31 |    24 ||   112
       Ration            |       |       |     1 |     4 |     4 |     3 |     3 ||    15
Armor: Animal skin       |    17 |       |       |       |       |       |       ||    17
       Ring mail         |     2 |    20 |    12 |       |       |       |       ||    34
       Scale mail        |       |       |    35 |     9 |       |       |       ||    44
       Chain mail        |       |       |       |   107 |       |       |       ||   107
       Plate armour      |       |       |       |   117 |   342 |   565 |   573 ||  1597
Dodge: Dodged            |    71 |    30 |    89 |   321 |   336 |   550 |   671 ||  2068
Block: Other             |       |       |    11 |    54 |       |       |       ||    65
       Reflection        |       |       |       |     1 |    14 |    96 |    58 ||   169
       Shield            |       |       |       |     5 |    19 |       |       ||    24
       Buckler           |       |       |       |       |   381 |   913 |  1016 ||  2310

Table legend:
 A = Spawn XP
 B = Non-spawn XP
 C = Spawn XP percentage of total XP
 D = Spawn monster count
 E = Non-spawn monster count
 F = Spawn count percentage of total count
 G = Total turns spent on level
                    A         B        C        D         E        F      G
               +---------+---------+-------+---------+---------+-------+---------
         Total |    5313 |  643209 |   0.8 |       6 |    1600 |   0.4 | 41570
               +---------+---------+-------+---------+---------+-------+---------
           D:1 |       0 |      48 |   0.0 |       0 |      22 |   0.0 |  1399
           D:2 |       0 |      81 |   0.0 |       0 |      23 |   0.0 |   609
           D:3 |       0 |     103 |   0.0 |       0 |      22 |   0.0 |   936
           D:4 |       0 |    1210 |   0.0 |       0 |      25 |   0.0 |   721
           D:5 |       0 |    1256 |   0.0 |       0 |      20 |   0.0 |  1888
           D:6 |       0 |    4058 |   0.0 |       0 |      60 |   0.0 |  1846
           D:7 |       0 |    1027 |   0.0 |       0 |      19 |   0.0 |   692
           D:8 |       0 |    7347 |   0.0 |       0 |      44 |   0.0 |  1135
           D:9 |       0 |    6836 |   0.0 |       0 |      46 |   0.0 |  1065
          D:10 |       0 |    2884 |   0.0 |       0 |      34 |   0.0 |  1366
          D:11 |       0 |    3355 |   0.0 |       0 |      28 |   0.0 |   724
          D:12 |       0 |    5750 |   0.0 |       0 |      26 |   0.0 |   525
          D:13 |       0 |   10440 |   0.0 |       0 |      52 |   0.0 |  1548
          D:14 |       0 |    9905 |   0.0 |       0 |      24 |   0.0 |   825
          D:15 |       0 |   12206 |   0.0 |       0 |      30 |   0.0 |   997
        Lair:1 |       0 |    5869 |   0.0 |       0 |      43 |   0.0 |  1658
        Lair:2 |       0 |    7657 |   0.0 |       0 |      41 |   0.0 |  1340
        Lair:3 |       0 |    5227 |   0.0 |       0 |      20 |   0.0 |  1504
        Lair:4 |       0 |    5043 |   0.0 |       0 |      24 |   0.0 |   968
        Lair:5 |       0 |    8635 |   0.0 |       0 |      19 |   0.0 |  1222
        Lair:6 |       0 |   23989 |   0.0 |       0 |      79 |   0.0 |  1213
      Shoals:1 |       0 |    9198 |   0.0 |       0 |      22 |   0.0 |   642
      Shoals:2 |       0 |   14003 |   0.0 |       0 |      26 |   0.0 |   853
      Shoals:3 |       0 |    6192 |   0.0 |       0 |      15 |   0.0 |   630
      Shoals:4 |       0 |   49543 |   0.0 |       0 |      80 |   0.0 |  1374
       Snake:1 |       0 |   22404 |   0.0 |       0 |      41 |   0.0 |  1394
       Snake:2 |       0 |   19535 |   0.0 |       0 |      34 |   0.0 |   858
       Snake:3 |       0 |   26496 |   0.0 |       0 |      46 |   0.0 |  1064
       Snake:4 |       0 |   66636 |   0.0 |       0 |      93 |   0.0 |  1401
         Orc:1 |       0 |    1639 |   0.0 |       0 |      29 |   0.0 |   559
         Orc:2 |       0 |   11168 |   0.0 |       0 |      71 |   0.0 |   963
      Vaults:1 |       0 |   34272 |   0.0 |       0 |      56 |   0.0 |  1243
      Vaults:2 |       0 |   71267 |   0.0 |       0 |      79 |   0.0 |  1730
      Vaults:3 |       0 |  110475 |   0.0 |       0 |     140 |   0.0 |  2101
      Depths:1 |       0 |   17256 |   0.0 |       0 |      23 |   0.0 |   314
       Abyss:1 |    5313 |    3676 |  59.1 |       6 |       7 |  46.2 |   412
       Ossuary |       0 |     119 |   0.0 |       0 |      22 |   0.0 |   465
       Volcano |       0 |    4899 |   0.0 |       0 |      20 |   0.0 |   422
    Desolation |       0 |   51505 |   0.0 |       0 |      95 |   0.0 |   964
               +---------+---------+-------+---------+---------+-------+---------
